 Dungeon Crawl Stone Soup version 0.31-a0-161-gb58dd9be76 (webtiles) character file.

Game seed: 8189356289238672196

49 qw the Shooter (level 3, -6/22 HPs)
             Began as a Gargoyle Hunter on June 12, 2023.
             Killed from afar by an orc wizard (9 damage)
             ... with a puff of flame
             ... on level 3 of the Dungeon.
             The game lasted 00:00:37 (1817 turns).

qw the Shooter (Gargoyle Hunter)                    Turns: 1817, Time: 00:00:38

Health: -6/22      AC:  6    Str: 14    XL:     3   Next: 75%
Magic:  3/3        EV: 11    Int:  9    God:
Gold:   65         SH:  0    Dex: 15    Spells: 2/2 levels left

rFire   . . .        Y - +0 shortbow
rCold   . . .        (shield currently unavailable)
rNeg    + . .        c - +0 leather armour
rPois   inf          (no helmet)
rElec   +            (no cloak)
rCorr   .            (no gloves)
SInv    +            (no boots)
Will    .....        (no amulet)
Stlth   ++           g - ring of see invisible
HPRegen 0.23/turn    (no ring)
MPRegen 0.08/turn

%: no passive effects
@: no status effects
A: sickness immunity, AC +3, negative energy resistance 1, electricity
resistance, torment resistance 1, petrification resistance
a: no special abilities


You were on level 3 of the Dungeon.
You visited 1 branch of the dungeon, and saw 3 of its levels.

You collected 65 gold pieces.


Innate Abilities, Weirdness & Mutations

You are immune to sickness and miasma.
Your stone body is resilient. (AC +3)
You are immune to poison.
You resist negative energy. (rN+)
You are resistant to electric shocks. (rElec)
You are resistant to unholy torment.
You are immune to petrification.


   Skills:
 + Level 2.9 Fighting
 - Level 5.0 Ranged Weapons
 - Level 1.5 Dodging
 - Level 1.1 Stealth


You had 2 spell levels left.
You didn't know any spells.
Your spell library was empty.

Inventory:

Hand Weapons
 Y - a +0 shortbow (weapon)
Armour
 c - a +0 leather armour (worn)
Jewellery
 g - a ring of see invisible (left hand)
Scrolls
 k - a scroll of identify
Potions
 a - a potion of cancellation {unknown}
 b - a potion of enlightenment {unknown}
 d - a potion of haste {unknown}
 e - a potion of attraction {unknown}
 f - a potion of mutation {unknown}
 i - a potion of lignification {unknown}
 j - a potion of heal wounds {unknown}

Dungeon Overview and Level Annotations

Branches:
Dungeon (3/15)

Altars:


Message History

1804 ||| Stepping ~*~*~tactically~*~*~ (outnumbered).
You shoot an arrow. The arrow hits the orc.
You kill the orc!
The orc wizard points at you and mumbles some strange words.
The puff of flame hits you.
You shoot an arrow.
The arrow closely misses the orc wizard.
The orc wizard points at you and mumbles some strange words.
You are confused.
The orc wizard points at you and mumbles some strange words.
You resist with significant effort.
The orc wizard hits you with a +0 dagger.
The orc wizard hits you with a +0 dagger.
The orc wizard gestures at you while chanting.
The puff of flame hits you.
You feel less confused.
The orc wizard points at you and mumbles some strange words.
The magic dart hits you!
You shoot an arrow.
The arrow completely misses the orc wizard.
The arrow hits the orc.
The orc is almost dead.
The orc wizard hits you with a +0 dagger.
You shoot an arrow. The arrow hits the orc wizard!
The orc wizard is heavily wounded.
The orc wizard closely misses you.
You shoot an arrow. The arrow barely misses the orc wizard.
The arrow hits the orc.
You kill the orc!
The orc wizard barely misses you.
The orc wizard hits you but does no damage.
You shoot an arrow. The arrow barely misses the orc wizard.
The arrow hits the phantom but does no damage.
The orc wizard barely misses you.
You shoot an arrow.
The arrow hits the orc wizard but does no damage.
The orc wizard is heavily wounded.
The orc wizard casts a spell at you. The puff of flame hits you!
You die...

#...#^##.#
##..#.##.#
#..#.##.#
######..#.##.#
#.......#.##.#
...........[..#
##.#####.#.####
# #.#.# #@#.#
#o#.#
.Wo)o.oW#.#
#o#######.# #.#
#.# ...


You could see a phantom, an orc priest and an orc wizard.

Vanquished Creatures
  3 orcs (D:3)
  5 ball pythons
  2 bats
  5 endoplasms
  2 giant cockroaches
  A goblin (D:1)
  6 hobgoblins
  4 quokkas
  5 frilled lizards
  3 kobolds
  4 rats
40 creatures vanquished.

Notes
Turn   | Place    | Note
-------+----------+-------------------------------------------
     0 | D:1      | qw the Gargoyle Hunter began the quest for the Orb.
     0 | D:1      | Reached XP level 1. HP: 12/12 MP: 1/1
     0 | D:1      | 0 ||| qw: Version: 0.2-a-29-gc1b59c4
     0 | D:1      | 0 ||| qw: Game counter: 4293
     0 | D:1      | 0 ||| qw: Always use a shield: true
     0 | D:1      | 0 ||| qw: God list: Okawaru
     0 | D:1      | 0 ||| qw: Allow faded altars: false
     0 | D:1      | 0 ||| qw: Do Orc after D:15 true
     0 | D:1      | 0 ||| qw: Do second Lair branch before Depths: true
     0 | D:1      | 0 ||| qw: Lair rune preference: random
     0 | D:1      | 0 ||| qw: Plans: Normal, Zot:1-4, Slime:5, God:TSO, Crypt,
                  | Tomb, Abyss, Pan, Hells, Win
     0 | D:1      | 0 ||| PLANNING D:1-11
   135 | D:1      | Reached XP level 2. HP: 17/17 MP: 2/2
   199 | D:1      | You fall into a shaft and drop 1 floor!
   216 | D:2      | Found a faded altar of an unknown god.
   236 | D:2      | 236 ||| READING scroll labelled ZUDEDU XOLEQICYD.
   238 | D:2      | 238 ||| READING scroll labelled VEASEN IGUWYR.
   239 | D:2      | 239 ||| READING scroll labelled GUXKINN ASKU.
   240 | D:2      | 240 ||| DROPPING scroll of butterflies.
   803 | D:1      | 803 ||| DROPPING ring of wizardry.
   804 | D:1      | 804 ||| READING scroll labelled COISTO JIRAU.
   805 | D:1      | 805 ||| READING scroll labelled OFOIMO OCZANA.
   965 | D:2      | Reached XP level 3. HP: 21/21 MP: 3/3
  1309 | D:2      | Reached skill level 5 in Ranged Weapons
  1674 | D:2      | 1674 ||| UPGRADING to ring of see invisible.
  1675 | D:2      | 1675 ||| READING scroll labelled ARUEFECW DAIVAD.
  1676 | D:2      | 1676 ||| DRINKING 2 fuming yellow potions.
  1800 | D:3      | 1800 ||| DRINKING potion of curing.
  1800 | D:3      | 1800 ||| (to cure confusion)
  1802 | D:3      | Noticed a phantom
  1804 | D:3      | 1804 ||| Stepping ~*~*~tactically~*~*~ (outnumbered).
  1812 | D:3      | HP: 3/22 [orc wizard/magic dart (9)]
  1817 | D:3      | Killed from afar by an orc wizard

Levels and vault maps discovered:
D:1:      minmay_arrival_checkered_box, layout_basic
D:2:      layout_basic, hellmonk_ecumenical_altar_zigzags
D:3:      layout_loops_ring, elyvilon_altar_5, feat_on_display

Skill      XL: |  1  2  3 |
---------------+----------+-----
Ranged Weapons | 5 |  5.0
Fighting       | |  2.9
Dodging        | |  1.5
Stealth        | |  1.1

Action                     || total
---------------------------++-------
   Fire: Shortbow          ||   133
    Use: Scroll            ||     6
         Potion            ||     2
 Armour: Leather armour    ||    22
  Dodge: Dodged            ||    41

Table legend:
 A = Non-vault XP
 B = Vault XP
 C = Vault XP percentage of total XP
 D = Non-vault monster count
 E = Vault monster count
 F = Vault count percentage of total count
                 A         B        C        D         E       F
            +---------+---------+-------+---------+---------+-------
      Total |      70 |       0 |   0.0 |      40 |       0 |   0.0
            +---------+---------+-------+---------+---------+-------
        D:1 |      31 |       0 |   0.0 |      19 |       0 |   0.0
        D:2 |      27 |       0 |   0.0 |      16 |       0 |   0.0
        D:3 |      12 |       0 |   0.0 |       5 |       0 |   0.0
            +---------+---------+-------+---------+---------+-------
